 Dungeon Crawl Stone Soup version 0.27.0-1-g7a089689b8 (webtiles) character file.

Game seed: 9747242744944061365

119 bnorton916 the Vexing (level 5, -7/40 HPs)
             Began as a Gnoll Arcane Marksman on Aug 2, 2021.
             Mangled by an ogre (13 damage)
             ... on level 6 of the Dungeon.
             The game lasted 00:09:13 (3552 turns).

bnorton916 the Vexing (Gnoll Arcane Marksman)       Turns: 3552, Time: 00:09:14

Health: -7/40      AC:  4    Str: 11    XL:     5   Next: 3%
Magic:  9/9        EV: 13    Int: 12    God:
Gold:   85         SH:  0    Dex: 12    Spells: 7/10 levels left

rFire    + . .     SeeInvis .   n - +0 dagger
rCold    + . .     Faith    .   (no shield)
rNeg     + . .     Spirit   .   d - +0 robe
rPois    +         Reflect  .   f - +0 helmet
rElec    +         Harm     .   (no cloak)
rCorr    +         Rampage  .   t - +0 pair of gloves
Will     .....                  (no boots)
Stlth    ++........             (no amulet)
HPRegen  0.13/turn              m - ring of positive energy
MPRegen  0.11/turn              (no ring)

@: mighty, resistant
A: fangs 1, strong nose, distributed training
a: no special abilities


You were on level 6 of the Dungeon.
You visited 1 branch of the dungeon, and saw 4 of its levels.

You collected 124 gold pieces.
You spent 39 gold pieces at shops.

Inventory:

Hand Weapons
 a - a +0 hunting sling
 n - a +0 dagger (weapon)
Missiles
 e - 41 stones (quivered)
Armour
 d - a +0 robe (worn)
 f - a +0 helmet (worn)
 p - a +0 kite shield
 t - a +0 pair of gloves (worn)
Jewellery
 m - a ring of positive energy (left hand)
Scrolls
 i - a scroll of identify {unknown}
 k - a scroll of fear {unknown}
 l - a scroll of fog {unknown}
 o - a scroll of noise {unknown}
 q - a scroll of enchant weapon {unknown}
 s - 2 scrolls of teleportation {unknown}
 w - a scroll of blinking {unknown}
Potions
 b - 3 potions of curing
 g - a potion of degeneration {unknown}
 h - a potion of might
 j - a potion of brilliance {unknown}
 u - a potion of cancellation {unknown}
 v - a potion of haste {unknown}


   Skills:
 + Level 2.8 Fighting
 + Level 1.3 Short Blades
 + Level 1.3 Long Blades
 + Level 1.3 Axes
 + Level 1.3 Maces & Flails
 + Level 1.3 Polearms
 + Level 1.3 Staves
 + Level 4.7 Slings
 + Level 1.3 Bows
 + Level 1.3 Crossbows
 + Level 1.3 Throwing
 + Level 1.3 Armour
 + Level 4.7 Dodging
 + Level 1.3 Stealth
 + Level 1.3 Shields
 + Level 1.3 Unarmed Combat
 + Level 3.1 Spellcasting
 + Level 1.0 Conjurations
 + Level 5.5 Hexes
 + Level 1.0 Summonings
 + Level 1.0 Necromancy
 + Level 1.0 Translocations
 + Level 1.0 Transmutations
 + Level 1.0 Fire Magic
 + Level 1.0 Ice Magic
 + Level 1.0 Air Magic
 + Level 1.0 Earth Magic
 + Level 1.0 Poison Magic
 + Level 1.4 Invocations
 + Level 1.3 Evocations


You had 7 spell levels left.
You knew the following spells:

 Your Spells              Type           Power      Damage    Failure   Level
a - Corona                Hex            16%        N/A       2%          1
b - Slow                  Hex            15%        N/A       3%          2

Your spell library contained the following spells:

 Spells                   Type           Power      Damage    Failure   Level
 Sandblast                Erth           8%         2d5       16%         1
 Inner Flame              Hex/Fire       9%         N/A       19%         3
 Portal Projectile        Hex/Tloc       18%        N/A       19%         3
 Passwall                 Tmut/Erth      3%         N/A       24%         2
 Cause Fear               Hex            7%         N/A       26%         4
 Lee's Rapid Deconstruct  Erth           2%         3d5*      99%         5
 Borgnjor's Revivificati  Necr           2%         N/A       100%        8
 Necromutation            Tmut/Necr      2%         N/A       100%        8
 Death's Door             Necr           2%         N/A       100%        9


Dungeon Overview and Level Annotations

Branches:
Dungeon (3/15)

Altars:

Shops:
D:3 *


Innate Abilities, Weirdness & Mutations

You have very sharp teeth.
Your uncanny sense of smell can sniff out nearby items.
Your experience applies equally to all skills.


Message History

Press: ? - help, Q - select action, (/) - cycle Shift-Dir - straight line, f/p - phantom
Aim: a phantom (moderately damaged, 50% to hit)
You shoot a stone. The stone closely misses the phantom.
The phantom hits you!
* * * LOW HITPOINT WARNING * * *
The phantom blinks!
You blink.
Found a stone staircase leading down.
An ogre comes into view. It is wielding a +0 giant spiked club.
n - a +0 dagger (weapon)
You aren't carrying any items that you can evoke.
It was a potion of curing.
You feel better.
The phantom hits you but does no damage.
It was a potion of resistance.
You feel protected.
The phantom hits you but does no damage.
The phantom barely misses you.
It was a potion of might.
You feel very mighty all of a sudden. The phantom hits you.
* * * LOW HITPOINT WARNING * * *
The phantom blinks!
You blink.
Okay, then.
You barely miss the phantom.
The phantom is lightly damaged.
The phantom hits you.
* * * LOW HITPOINT WARNING * * *
You hit the phantom.
The phantom is moderately damaged.
The phantom barely misses you.
You hit the phantom.
The phantom is moderately damaged.
The phantom hits you but does no damage.
You puncture the ogre! Your bite misses the ogre.
The ogre is moderately wounded.
The phantom misses you. The ogre barely misses you.
You hit the ogre. Your bite misses the ogre.
The ogre is heavily wounded.
The phantom closely misses you.
The ogre hits you with a +0 giant spiked club!
You die...

...## ....##
.....##
####........
#.........>..
#............
##..........(.
#...@W........
#....O.(......
#........((...
#.............
#......(.....#
##....(....###
##(..(..###
##$..###
##.(###


You could see a phantom and an ogre.

Vanquished Creatures
  A bullfrog zombie (D:6)
  3 adders
  5 worms
  3 bats
  5 endoplasms
  3 giant cockroaches
  2 hobgoblins (D:1)
  8 jackals (D:1)
  A quokka (D:1)
  2 ball pythons (D:3)
  2 frilled lizards (D:1)
  5 goblins
  3 kobolds (D:1)
  A rat (D:2)
44 creatures vanquished.

Notes
Turn   | Place    | Note
-------+----------+-------------------------------------------
     0 | D:1      | bnorton916 the Gnoll Arcane Marksman began the quest for
                  | the Orb.
     0 | D:1      | Reached XP level 1. HP: 17/17 MP: 4/4
   485 | D:1      | Reached XP level 2. HP: 20/23 MP: 2/5
   617 | D:1      | Found a faded altar of an unknown god.
  1179 | D:2      | Reached XP level 3. HP: 28/28 MP: 5/7
  1369 | D:1      | Learned a level 2 spell: Slow
  2125 | D:2      | Reached skill level 1 in Invocations
  2489 | D:2      | Reached skill level 1 in Short Blades
  2489 | D:2      | Reached skill level 1 in Long Blades
  2489 | D:2      | Reached skill level 1 in Axes
  2489 | D:2      | Reached skill level 1 in Maces & Flails
  2489 | D:2      | Reached skill level 1 in Polearms
  2489 | D:2      | Reached skill level 1 in Staves
  2489 | D:2      | Reached skill level 1 in Bows
  2489 | D:2      | Reached skill level 1 in Crossbows
  2489 | D:2      | Reached skill level 1 in Throwing
  2489 | D:2      | Reached skill level 1 in Armour
  2489 | D:2      | Reached skill level 1 in Stealth
  2489 | D:2      | Reached skill level 1 in Shields
  2489 | D:2      | Reached skill level 1 in Unarmed Combat
  2489 | D:2      | Reached skill level 1 in Evocations
  2740 | D:2      | Reached XP level 4. HP: 23/34 MP: 6/8
  3217 | D:3      | Found Poram's Assorted Antiques.
  3275 | D:3      | Reached skill level 1 in Conjurations
  3275 | D:3      | Reached skill level 1 in Summonings
  3275 | D:3      | Reached skill level 1 in Necromancy
  3275 | D:3      | Reached skill level 1 in Translocations
  3275 | D:3      | Reached skill level 1 in Transmutations
  3275 | D:3      | Reached skill level 1 in Fire Magic
  3275 | D:3      | Reached skill level 1 in Ice Magic
  3275 | D:3      | Reached skill level 1 in Air Magic
  3275 | D:3      | Reached skill level 1 in Earth Magic
  3275 | D:3      | Reached skill level 1 in Poison Magic
  3325 | D:3      | Bought a fuming green potion for 18 gold pieces
  3325 | D:3      | Bought a scroll labelled DOZUSAC ZEIZOO for 21 gold pieces
  3389 | D:3      | You fall into a shaft and drop 3 floors!
  3409 | D:6      | Reached XP level 5. HP: 29/40 MP: 9/9
  3519 | D:6      | Noticed a phantom
  3541 | D:6      | Noticed an ogre
  3552 | D:6      | Mangled by an ogre

Illustrated notes

Levels and vault maps discovered:
D:1:      giann_wishing_wells, layout_rooms,
          hellmonk_ecumenical_altar_pennies_from_heaven,
          minmay_misc_feat_nine_boxes, minmay_pentomino_x4
D:2:      layout_rooms
D:3:      layout_basic, serial_shops, shop, minmay_surrounded
D:6:      layout_cave_pods, minitemple, gammafunk_ghost_nasty_kobolds

Skill      XL: |  1  2  3  4 |
---------------+-------------+-----
Invocations    | 1 |  1.4
Short Blades   | 1 |  1.3
Long Blades    | 1 |  1.3
Axes           | 1 |  1.3
Maces & Flails | 1 |  1.3
Polearms       | 1 |  1.3
Staves         | 1 |  1.3
Bows           | 1 |  1.3
Crossbows      | 1 |  1.3
Throwing       | 1 |  1.3
Armour         | 1 |  1.3
Stealth        | 1 |  1.3
Shields        | 1 |  1.3
Unarmed Combat | 1 |  1.3
Evocations     | 1 |  1.3
Spellcasting   | 3 |  3.1
Conjurations   | 1 |  1.0
Summonings     | 1 |  1.0
Necromancy     | 1 |  1.0
Translocations | 1 |  1.0
Transmutations | 1 |  1.0
Fire Magic     | 1 |  1.0
Ice Magic      | 1 |  1.0
Air Magic      | 1 |  1.0
Earth Magic    | 1 |  1.0
Poison Magic   | 1 |  1.0
Fighting       | |  2.8
Slings         | |  4.7
Dodging        | |  4.7
Hexes          | |  5.5

Action                   |  1- 3 |  4- 6 || total
-------------------------+-------+-------++-------
Melee: Dagger            |       |     5 ||     5
 Fire: Hunting sling     |   160 |    68 ||   228
 Cast: Corona            |    18 |     4 ||    22
       Slow              |     1 |       ||     1
  Use: Potion            |       |     3 ||     3
Armor: Robe              |    31 |     6 ||    37
Dodge: Dodged            |    92 |    21 ||   113
